 Dungeon Crawl Stone Soup version 0.23.2-33-g5129a83184 (webtiles) character file.

Game seed: 5802042332619774013

1079 H0rd4k the Thaumaturge (level 8, -10/42 HPs)
             Began as a Deep Elf Wizard on July 2, 2019.
             Killed from afar by Dowan (27 damage)
             ... with a shard of ice
             ... on level 3 of the Dungeon.
             The game lasted 00:15:54 (6503 turns).

H0rd4k the Thaumaturge (Deep Elf Wizard)            Turns: 6503, Time: 00:15:55

Health: -10/42     AC:  6    Str:  2      XL:     8   Next: 8%
Magic:  4/23       EV: 13    Int: 30 (31) God:
Gold:   296        SH:  0    Dex: 11 (13) Spells: 19/25 levels left

rFire    + . .     SeeInvis +   (no weapon)
rCold    . . .     Gourm    .   (no shield)
rNeg     . . .     Faith    .   a - +0 robe
rPois    .         Spirit   .   b - +1 hat
rElec    .         Reflect  .   x - +2 cloak of Yjiarrett {Str-2 Int+5 SInv}
rCorr    .         Harm     .   (no gloves)
MR       .....                  (no boots)
Stlth    ++........             k - amulet of rage
HPRegen  0.14/turn              r - ring of protection from fire
MPRegen  0.18/turn              q - ring of flight

@: no status effects
A: no striking features
a: Evoke Berserk Rage, Evoke Flight


You were on level 3 of the Dungeon.
You were very hungry.

You visited 1 branch of the dungeon, and saw 6 of its levels.

You collected 296 gold pieces.

Inventory:

Hand Weapons
 y - a +0 dagger of venom
 z - a +0 blowgun
 C - a +1 dagger of venom
Missiles
 B - 8 steel tomahawks (quivered)
Armour
 a - a +0 robe (worn)
 b - a +1 hat (worn)
 x - the +2 cloak of Yjiarrett (worn) {Str-2 Int+5 SInv}
   (You found it on level 4 of the Dungeon)

   It affects your strength (-2).
   It affects your intelligence (+5).
   It lets you see invisible.
Jewellery
 k - an amulet of rage (around neck)
 l - a cursed amulet of inaccuracy {unknown}
 m - a +5 ring of slaying
 q - a ring of flight (right hand)
 r - a ring of protection from fire (left hand)
Wands
 D - a wand of iceblast (6)
Scrolls
 c - a scroll of enchant armour
 f - 6 scrolls of identify {unknown}
 h - 3 scrolls of teleportation
 i - a scroll of fog {unknown}
 j - 6 scrolls of remove curse
 n - a scroll of blinking {unknown}
 o - 2 scrolls of noise {unknown}
 s - 2 scrolls of magic mapping {unknown}
 t - a scroll of amnesia {unknown}
 u - 2 scrolls of enchant weapon {unknown}
 v - a scroll of random uselessness {unknown}
 w - a scroll of fear {unknown}
Potions
 e - 3 potions of degeneration
 g - 2 potions of lignification
 p - a potion of curing
Comestibles
 d - 9 rations


   Skills:
 + Level 0.8 Fighting
 + Level 3.2 Dodging
 + Level 3.9 Stealth
 + Level 9.1 Spellcasting
 + Level 5.2 Conjurations
   Level 1.1 Summonings
 + Level 2.3 Translocations
 * Level 3.8 Fire Magic


You had 19 spell levels left.
You knew the following spells:

 Your Spells              Type           Power        Failure   Level  Hunger
a - Magic Dart            Conj           ####         1%          1    None
b - Blink                 Tloc           N/A          2%          2    None
c - Conjure Flame         Conj/Fire      #####...     1%          3    None

Your spell library contained the following spells:

 Spells                   Type           Power        Failure   Level  Hunger
 Call Imp                 Summ           ###.....     3%          2    None
 Mephitic Cloud           Conj/Pois/Air  ###.....     5%          3    None
 Slow                     Hex            ##......     6%          2    None


Dungeon Overview and Level Annotations

Branches:
Dungeon (6/15)             Temple (0/1) D:4

Altars:
Ashenzari
Nemelex Xobeh

Annotations:
D:2 1 runed translucent door, Crazy Yiuf
D:3 Dowan
D:4 Eustachio
D:5 exclusion: 3 centaurs
D:6 exclusion: centaur


Message History

Dowan hits you with a +0 dagger. Dowan barely misses you.
Casting: Magic Dart (safe; 1% risk of failure)
Confirm with . or Enter, or press ? or * to list all spells.
Aiming: Magic Dart (safe; 1% risk of failure)
Press: ? - help, Shift-Dir - straight line, f/p - Dowan
Aim: Dowan, wielding a +0 dagger and wearing a +2 robe of fire resistance (severely wounded, fast)
The magic dart hits Dowan.
Dowan is severely wounded.
Dowan completely misses you.
Casting: Magic Dart (safe; 1% risk of failure)
Confirm with . or Enter, or press ? or * to list all spells.
Aiming: Magic Dart (safe; 1% risk of failure)
Press: ? - help, Shift-Dir - straight line, f/p - Dowan
Aim: Dowan, wielding a +0 dagger and wearing a +2 robe of fire resistance (severely wounded, fast)
The magic dart hits Dowan.
Dowan is severely wounded.
Dowan gestures at you while chanting. The shard of ice hits you!!
Ouch! That really hurt!
You die...

##.###....####.###
###..#⌠.##.##.⌠...##
#....#.........#....
#.#####[......##.#..
#.#...#.......#.....
#.#...'..._.......#.
#.#...#.......#...#.
#.#####.......#####.
#.e@.#.........#....
######..#⌠....##.⌠#..##
#...##...###...####...#
#....>.....#...#.....##
#...##.##..#...#..#...#
##.###.###..##.#.......
#.# #.# #.......##...#
#.# #.# ###########.##
#.###.# #...#


You could see Dowan.

Vanquished Creatures
  Menkaure (D:4)
  Duvessa (D:4)
  An ogre (D:5)
  A phantom (D:4)
  A scorpion (D:6)
  A jelly (D:3)
  2 hounds (D:5)
  2 crimson imps (D:5)
  An orc priest (D:3)
  5 orc wizards
  Ijyb (D:3)
  3 worker ants
  A killer bee zombie (D:5)
  8 adders
  A shadow imp (D:5)
  4 oozes
  5 worms
  2 leopard geckos
  9 orcs
  2 bats
  4 giant cockroaches
  5 goblins
  7 hobgoblins
  4 jackals
  5 kobolds
  5 quokkas
  3 ball pythons
  6 frilled lizards
  8 rats
99 creatures vanquished.

Notes
Turn   | Place    | Note
-------+----------+-------------------------------------------
     0 | D:1      | H0rd4k the Deep Elf Wizard began the quest for the Orb.
     0 | D:1      | Reached XP level 1. HP: 10/10 MP: 7/7
   304 | D:1      | Reached skill level 5 in Spellcasting
   304 | D:1      | Reached XP level 2. HP: 9/15 MP: 3/10
   779 | D:2      | Reached XP level 3. HP: 19/19 MP: 7/12
   809 | D:2      | Learned a level 2 spell: Blink
   813 | D:2      | Learned a level 3 spell: Conjure Flame
  1022 | D:2      | Found a runed translucent door.
  1023 | D:2      | Noticed Crazy Yiuf
  1145 | D:2      | Reached skill level 6 in Spellcasting
  1368 | D:2      | Reached XP level 4. HP: 20/24 MP: 8/14
  2139 | D:3      | Reached skill level 7 in Spellcasting
  2197 | D:3      | Found a sparkling altar of Nemelex Xobeh.
  2356 | D:3      | Reached XP level 5. HP: 28/28 MP: 8/16
  2532 | D:3      | Reached skill level 1 in Fire Magic
  2781 | D:3      | Reached XP level 6. HP: 32/32 MP: 9/18
  2849 | D:3      | Found a shattered altar of Ashenzari.
  3167 | D:3      | Found a faded altar of an unknown god.
  3203 | D:4      | Noticed Eustachio
  3377 | D:4      | Found a staircase to the Ecumenical Temple.
  3378 | D:4      | Noticed Duvessa
  3379 | D:4      | Noticed Menkaure
  3433 | D:4      | Noticed Dowan
  3495 | D:4      | Got a faintly glowing cloak
  3757 | D:4      | Killed Menkaure
  3757 | D:4      | Reached skill level 8 in Spellcasting
  4105 | D:4      | Noticed Ijyb
  4353 | D:5      | Entered Level 5 of the Dungeon
  4393 | D:5      | Reached XP level 7. HP: 36/36 MP: 14/20
  6110 | D:3      | Killed Ijyb
  6110 | D:3      | Reached skill level 5 in Conjurations
  6200 | D:3      | Identified the +2 cloak of Yjiarrett {Str-2 Int+5 SInv}
                  | (You found it on level 4 of the Dungeon)
  6468 | D:4      | Killed Duvessa
  6468 | D:4      | Reached skill level 9 in Spellcasting
  6468 | D:4      | Reached XP level 8. HP: 42/42 MP: 0/23
  6503 | D:3      | Killed from afar by Dowan

Skill      XL: |  1  2  3  4  5  6  7 |
---------------+----------------------+-----
Spellcasting   | 5 6 7 8 9 |  9.1
Stealth        | 3 |  3.9
Conjurations   | 2 4 5 |  5.2
Fire Magic     | 2 3 |  3.8
Dodging        | 3 |  3.2
Translocations | 2 |  2.3
Fighting       | |  0.8
Summonings     | |  1.1

Action                   |  1- 3 |  4- 6 |  7- 9 || total
-------------------------+-------+-------+-------++-------
Melee: Unarmed           |       |     3 |       ||     3
 Cast: Magic Dart        |    80 |   156 |   161 ||   397
       Conjure Flame     |       |     4 |     9 ||    13
       Blink             |       |     2 |     6 ||     8
  Use: Potion            |       |     4 |     2 ||     6
       Scroll            |       |     3 |     1 ||     4
  Eat: Chunk             |     1 |     9 |     2 ||    12
       Ration            |       |       |     1 ||     1
Armor: Robe              |     2 |     9 |     7 ||    18
       Skin              |       |    38 |       ||    38
Dodge: Dodged            |     6 |    38 |    23 ||    67
